 Dungeon Crawl Stone Soup version 0.25-a0-566-g062765be81 (webtiles) character file.

Game seed: 10296970796789178577, levelgen mode: deterministic

185 Flugslaktarn the Chopper (level 5, -8/49 HPs)
             Began as a Deep Dwarf Fighter on Feb 28, 2020.
             Killed from afar by an orc wizard (9 damage)
             ... with a puff of flame
             ... on level 4 of the Dungeon.
             The game lasted 00:00:47 (792 turns).

Flugslaktarn the Chopper (Deep Dwarf Fighter)        Turns: 792, Time: 00:00:47

Health: -8/49      AC:  8    Str: 21    XL:     5   Next: 37%
Magic:  5/5        EV:  7    Int:  8    God:
Gold:   87         SH:  0    Dex: 12    Spells: 4/4 levels left

rFire    . . .     SeeInvis .   a - +0 war axe
rCold    . . .     Gourm    .   c - +0 kite shield
rNeg     . . .     Faith    .   b - +0 scale mail
rPois    .         Spirit   .   m - +1 hat
rElec    .         Reflect  .   (no cloak)
rCorr    .         Harm     .   (no gloves)
MR       .....                  (no boots)
Stlth    ..........             (no amulet)
HPRegen  0.00/turn              (no ring)
MPRegen  0.09/turn              (no ring)

@: confused, non-regenerating
A: damage resistance, heal wounds, sense surroundings 1, no regeneration
a: Heal Wounds


You were on level 4 of the Dungeon.
You were not hungry.

You visited 1 branch of the dungeon, and saw 4 of its levels.

You collected 87 gold pieces.

Inventory:

Hand Weapons
 a - a +0 war axe (weapon)
Armour
 b - a +0 scale mail (worn)
 c - a +0 kite shield (worn)
 m - a +1 hat (worn)
   (You found it on level 4 of the Dungeon)
Wands
 l - a wand of iceblast (6)
   (You found it on level 3 of the Dungeon)
Scrolls
 i - a scroll of magic mapping {unknown}
 j - a scroll of teleportation {unknown}
 o - a scroll of identify {unknown}
 p - a scroll of enchant armour {unknown}
Potions
 d - 2 potions of might
 f - 2 potions of heal wounds {unknown}
 g - 3 potions of curing {unknown}
 h - a potion of haste {unknown}
 n - a potion of cancellation {unknown}
 q - a potion of lignification {unknown}
Comestibles
 e - 3 rations
 k - 6 chunks of flesh


   Skills:
 + Level 3.4 Fighting
 * Level 4.2 Axes
 + Level 4.1 Armour
 + Level 4.2 Shields


You had 4 spell levels left.
You didn't know any spells.
Your spell library was empty.

Dungeon Overview and Level Annotations

Branches:
Dungeon (4/15)
 Temple: D:4-7

Altars:
Ashenzari
Ru


Innate Abilities, Weirdness & Mutations

You are resistant to damage.
You can heal yourself by infusing magical energy.
You passively map a small area around you.
You do not regenerate.


Message History

* * * LOW HITPOINT WARNING * * *
The orc wizard hits you but does no damage.
Something hits you but does no damage.
You closely miss the orc wizard.
The orc wizard is lightly wounded.
You slash the orc!
You kill the orc!
You barely miss something. The orc wizard barely misses you.
Something hits you but does no damage. The orc wizard casts a spell at you.
The magic dart hits you!
* * * LOW HITPOINT WARNING * * *
You're too confused!
You're too confused!
You hear some strange, mumbled words.
You bump into the rock wall.
You hear some strange, mumbled words.
A puff of flame appears from out of thin air!
The puff of flame hits you!
You die...

,##... ,
......... * #.#.
#...#* ...## #...
#.#. #...# ##.#
#..
##...##...####..#
#.. ,
#...........##..#
#.#
.......).)....#
#.# ,
.........###..#
##.# ####.o.##
##.## ###..# *
##@.# ##.###....#
, ##..#
#.#..####. * *
#..# ##.### #
##.# ### ##


You could see an orc wizard.

Vanquished Creatures
  Blork the orc (D:4)
  An orc priest (D:4)
  An orc wizard (D:4)
  A worker ant (D:4)
  An ooze (D:2)
  A worm (D:4)
  2 leopard geckos
  6 orcs
  3 giant cockroaches
  3 hobgoblins
  A bat (D:1)
  2 frilled lizards
  3 kobolds
  2 rats (D:2)
28 creatures vanquished.

Notes
Turn   | Place    | Note
-------+----------+-------------------------------------------
     0 | D:1      | Flugslaktarn the Deep Dwarf Fighter began the quest for the
                  | Orb.
     0 | D:1      | Reached XP level 1. HP: 20/20 MP: 1/1
   323 | D:2      | Reached XP level 2. HP: 25/27 MP: 2/2
   431 | D:3      | Reached XP level 3. HP: 29/34 MP: 3/3
   577 | D:4      | Noticed Blork the orc
   602 | D:4      | Killed Blork the orc
   602 | D:4      | Reached XP level 4. HP: 35/42 MP: 4/4
   634 | D:4      | Found a sacrificial altar of Ru.
   634 | D:4      | Found a shattered altar of Ashenzari.
   668 | D:4      | Reached XP level 5. HP: 29/49 MP: 5/5
   789 | D:4      | HP: 1/49 [orc wizard/magic dart (7)]
   792 | D:4      | Killed from afar by an orc wizard

Levels and vault maps discovered:
D:1:      matt_arrival_los_fun, layout_basic
D:2:      layout_rooms, first_ration, minivault_23
D:3:      layout_loops_ring
D:4:      layout_layer_cave, grunt_temple_overflow_open, uniq_blork_the_orc,
          uniq_ijyb, uniq_crazy_yiuf_cottage

Skill      XL: |  1  2  3  4 |
---------------+-------------+-----
Fighting       | 3 |  3.4
Axes           | 3 4 |  4.2
Armour         | 4 |  4.1
Shields        | 4 |  4.2

Action                   |  1- 3 |  4- 6 || total
-------------------------+-------+-------++-------
Melee: War axe           |    89 |    30 ||   119
 Abil: Heal Wounds       |     2 |     1 ||     3
Armor: Scale mail        |    33 |    34 ||    67
Dodge: Dodged            |    20 |    17 ||    37
Block: Kite shield       |    49 |    16 ||    65

Table legend:
 A = Non-vault XP
 B = Vault XP
 C = Vault XP percentage of total XP
 D = Non-vault monster count
 E = Vault monster count
 F = Vault count percentage of total count
                 A         B        C        D         E       F
            +---------+---------+-------+---------+---------+-------
      Total |     169 |      96 |  36.2 |      27 |       1 |   3.6
            +---------+---------+-------+---------+---------+-------
        D:1 |      10 |       0 |   0.0 |       6 |       0 |   0.0
        D:2 |      15 |       0 |   0.0 |       6 |       0 |   0.0
        D:3 |      16 |       0 |   0.0 |       6 |       0 |   0.0
        D:4 |     128 |      96 |  42.9 |       9 |       1 |  10.0
            +---------+---------+-------+---------+---------+-------
